 Dungeon Crawl Stone Soup version 0.30.1-11-g7821555f0a (webtiles) character file.

Game seed: 15985162355315005024

355 QueenKong the Poker (level 6, -3/62 HPs)
             Began as an Ogre Gladiator on Nov 19, 2023.
             Was an Initiate of Ru.
             Slain by an orc
             ... wielding a +0 flail
              (4 damage)
             ... on level 5 of the Dungeon.
             The game lasted 00:06:53 (2003 turns).

QueenKong the Poker (Ogre Gladiator)                Turns: 2003, Time: 00:06:54

Health: -3/62      AC:  5    Str: 16 (19) XL:     6   Next: 63%
Magic:  8/8        EV: 10    Int: 10 (11) God:    Ru [......]
Gold:   60         SH:  0    Dex:  9 (10) Spells: 6/8 levels left

rFire   . . .        a - +1 trident
rCold   . . .        (no shield)
rNeg    . . .        b - +1 robe
rPois   .            c - +1 hat
rElec   +            (no cloak)
rCorr   .            (gloves unavailable)
SInv    +            (boots unavailable)
Will    .....        d - amulet "Likka" {Faith rElec SInv}
Stlth   +            (no ring)
HPRegen 0.30/turn    (no ring)
MPRegen 0.11/turn

%: faith
@: no status effects
A: large, unfitting armour, tough skin 1
a: Renounce Religion


You were on level 5 of the Dungeon.
You worshipped Ru.
Ru was noncommittal.
You visited 2 branches of the dungeon, and saw 6 of its levels.

You collected 60 gold pieces.

Inventory:

Hand Weapons
 a - a +1 trident (weapon)
Armour
 b - a +1 robe (worn)
 c - a +1 hat (worn)
Jewellery
 d - the amulet "Likka" (around neck) {Faith rElec SInv}
   (You found it on level 5 of the Dungeon)

   [amulet of faith]

   It allows you to gain divine favour quickly.
   rElec:     It insulates you from electricity.
   SInv:      It lets you see invisible.
Potions
 m - 2 potions of lignification


   Skills:
 * Level 3.7 Fighting
 * Level 1.1(1.4) Maces & Flails
 * Level 4.4(4.6) Polearms
 * Level 1.4(3.3) Staves
 * Level 2.6 Throwing
 * Level 1.0 Armour
 * Level 3.5 Dodging
 * Level 1.0 Stealth
 * Level 1.5 Spellcasting
 * Level 0.8 Hexes
 * Level 0.9 Ice Magic


You had 6 spell levels left.
You knew the following spells:

 Your Spells              Type           Power      Damage    Failure   Level
a - Ensorcelled Hibernat  Hex/Ice        4%         N/A       34%         2

Your spell library contained the following spells:

 Spells                   Type           Power      Damage    Failure   Level
 Spider Form              Tmut/Pois      0%         N/A       69%         3
 Anguish                  Hex/Necr       0%         N/A       95%         4


Dungeon Overview and Level Annotations

Branches:
Dungeon (5/15)             Temple (1/1) D:5

Altars:
Fedhas
Kikubaaqudgha
Makhleb
Ru
Vehumet
Yredelemnul
Zin


Innate Abilities, Weirdness & Mutations

You are too large for most types of armour.
You have tough skin. (AC +1)


Message History

The ogre shouts!
The endoplasm quivers.
The orc wizard barely misses you.
The orc wizard hits you with a +0 dagger.
The orc wizard points at you and mumbles some strange words.
The puff of flame hits you!
Things that are here:
a +0 halberd; a +0 leather armour; an orc corpse You hit the orc wizard.
The orc wizard is lightly wounded.
The orc wizard points at you and mumbles some strange words.
The puff of flame hits you!
You hit the orc wizard.
The orc wizard is lightly wounded.
The orc wizard hits you but does no damage.
You hit the orc wizard.
The orc wizard is moderately wounded.
The ogre completely misses you. The orc wizard barely misses you. x2
You closely miss the orc wizard.
The orc wizard is moderately wounded.
The ogre hits you with a +0 giant club!
The orc wizard hits you with a +0 dagger.
The endoplasm hits you but does no damage.
The orc shouts!
You closely miss the orc wizard. You punch the orc wizard.
The orc wizard is heavily wounded.
You hear a shout!
The ogre hits you with a +0 giant club!!
Ouch! That really hurt!
* * * LOW HITPOINT WARNING * * *
The orc wizard barely misses you.
The endoplasm hits you but does no damage.
You aren't carrying any scrolls.
Unknown command.
It was a potion of degeneration.
There was something very wrong with that liquid.
You feel weakened.
You feel dopey.
You feel clumsy. The endoplasm barely misses you.
The orc attacks as you move away! The orc hits you with a +0 flail.
You die...

#.## # ##..#
#... ... ..#
..###Jo##
..# #..
........##
#.# #..#
#O.####..#
#..
##.......##
#..
##)).....#
#.
##oO.##....#
#. #o@J..#
#... ###.
#..##..#
#..####...
#..# ##.##
#..#.....
#.## #..#
#....#.. ..#
##.##
#.#####. ..#
##.####..##
#. ##
##.##.#..#
#. #.#.#####
#. ##.## #.


You could see an ogre, an orc wizard, an orc and an endoplasm.

Vanquished Creatures
  A phantom (D:5)
  2 scorpions
  A howler monkey (D:5)
  An orc priest (D:5)
  2 iguanas
  A hound zombie (D:4)
  An adder (D:5)
  4 orcs
  4 ball pythons
  2 endoplasms (D:3)
  3 goblins
  2 hobgoblins
  4 bats
  2 frilled lizards
  2 kobolds
  A rat (D:1)
33 creatures vanquished.

Notes
Turn   | Place    | Note
-------+----------+-------------------------------------------
     0 | D:1      | QueenKong the Ogre Gladiator began the quest for the Orb.
     0 | D:1      | Reached XP level 1. HP: 22/22 MP: 1/1
   187 | D:1      | Reached XP level 2. HP: 29/29 MP: 2/2
   331 | D:2      | Noticed a scorpion
   344 | D:2      | Killed a scorpion
   345 | D:2      | Reached skill level 1 in Spellcasting
   345 | D:2      | Reached XP level 3. HP: 27/37 MP: 2/4
   345 | D:2      | Reached XP level 4. HP: 33/45 MP: 2/5
   388 | D:2      | Learned a level 2 spell: Ensorcelled Hibernation
   856 | D:4      | Noticed a scorpion
   875 | D:4      | HP: 3/67 [scorpion (6)]
   880 | D:4      | Killed a scorpion
   881 | D:4      | Reached skill level 1 in Staves
   881 | D:4      | Reached XP level 5. HP: 17/53 MP: 6/6
  1071 | D:4      | Reached skill level 4 in Polearms
  1102 | D:5      | Entered Level 5 of the Dungeon
  1196 | D:5      | Identified the amulet "Likka" {Faith rElec SInv}
  1227 | D:5      | Noticed a phantom
  1233 | D:5      | Reached skill level 1 in Armour
  1233 | D:5      | Reached XP level 6. HP: 23/61 MP: 6/8
  1263 | D:5      | Reached skill level 1 in Maces & Flails
  1558 | D:5      | Found a glowing silver altar of Zin.
  1608 | D:5      | Found a staircase to the Ecumenical Temple.
  1616 | Temple   | Entered the Ecumenical Temple
  1883 | Temple   | Became a worshipper of Ru the Awakened
  1984 | D:5      | Reached skill level 1 in Stealth
  2001 | D:5      | HP: 1/62 [ogre/+0 giant club (33)]
  2003 | D:5      | Slain by an orc

Illustrated notes

Levels and vault maps discovered:
D:1:      lightli_arrival_flooded_house, layout_basic, serial_shops, shop
D:2:      layout_basic, basic_altar, small_statue_intersection,
          ebering_dispersal_statue_hall, minmay_quantized, uniq_robin
D:3:      layout_loops_ring
D:4:      layout_cave_pods, mainiacjoe_overflow_alcove_2, serial_undead,
          serial_undead_c, serial_undead_b, serial_undead_a, serial_undead_e,
          serial_undead_c, serial_undead_a, grunt_ministairs_4
D:5:      layout_layer_cave, mainiacjoe_overflow_24_doors,
          nicolae_overflow_crystal_walls, nemelex_dance_club_becter,
          lemuel_temple_firewalk_b, serial_shops, shop
Temple:   hellmonk_temple_flake

Skill      XL: |  1  2  3  4  5  6 |
---------------+-------------------+-----
Fighting       | 3 |  3.7
Dodging        | 3 |  3.5
Spellcasting   | 1 |  1.5
Staves         | 1 |  1.4
Polearms       | 4 |  4.4
Armour         | 1 |  1.0
Maces & Flails | 1 |  1.1
Stealth        | 1 |  1.0
Throwing       | |  2.6
Hexes          | |  0.8
Ice Magic      | |  0.9

Action                     |  1- 3 |  4- 6 || total
---------------------------+-------+-------++-------
  Melee: Trident           |    48 |   144 ||   192
         Punch             |       |     1 ||     1
  Throw: Throwing net      |     3 |     2 ||     5
         Large rock        |       |     1 ||     1
   Cast: Ensorcelled Hiber |       |     2 ||     2
    Use: Scroll            |       |     7 ||     7
         Potion            |       |     6 ||     6
   Stab: Held in net/web   |       |     2 ||     2
         Sleeping          |       |     1 ||     1
 Armour: Robe              |    25 |    28 ||    53
         Skin              |       |    47 ||    47
  Dodge: Dodged            |    36 |    65 ||   101
